 Dungeon Crawl Stone Soup version 0.29.1-12-g30fa7ad0bf (webtiles) character file.

Game seed: 15609830200257969259

0 growler the Magician (level 1, 0/13 HPs)
             Began as a Demonspawn Hedge Wizard on Dec 31, 2022.
             Slain by a rat (1 damage)
             ... on level 1 of the Dungeon.
             The game lasted 00:00:34 (11 turns).

growler the Magician (Demonspawn Hedge Wizard)        Turns: 11, Time: 00:00:34

Health: 0/13       AC:  2    Str: 10    XL:     1   Next: 0%
Magic:  4/4        EV: 12    Int: 15    God:
Gold:   0          SH:  0    Dex: 12    Spells: 5/6 levels left

rFire   . . .      SeeInvis .   a - +0 dagger
rCold   . . .      Faith    .   (no shield)
rNeg    . . .      Spirit   .   b - +0 robe
rPois   .          Reflect  .   c - +0 hat
rElec   .          Harm     .   (no cloak)
rCorr   .          Rampage  .   (no gloves)
Will    .....                   (no boots)
Stlth   ++........              (no amulet)
HPRegen 0.04/turn               (no ring)
MPRegen 0.09/turn               (no ring)

@: no status effects
A: no striking features
a: no special abilities


You were on level 1 of the Dungeon.
You visited 1 branch of the dungeon, and saw 1 of its levels.

Inventory:

Hand Weapons
 a - a +0 dagger (weapon)
Armour
 b - a +0 robe (worn)
 c - a +0 hat (worn)
Potions
 d - a potion of magic


   Skills:
 + Level 1.7 Dodging
 + Level 1.7 Stealth
 + Level 3.0 Spellcasting
 + Level 1.0 Conjurations
 + Level 1.0 Summonings
 + Level 0.8 Translocations


You had 5 spell levels left.
You knew the following spells:

 Your Spells              Type           Power      Damage    Failure   Level
a - Magic Dart            Conj           20%        1d4       13%         1

Your spell library contained the following spells:

 Spells                   Type           Power      Damage    Failure   Level
 Slow                     Hex            8%         N/A       21%         1
 Call Imp                 Summ           5%         N/A       21%         2
 Blink                    Tloc           8%         N/A       22%         2
 Conjure Flame            Conj/Fire      3%         6-21      43%         3
 Mephitic Cloud           Conj/Pois/Air  3%         N/A       45%         3


Dungeon Overview and Level Annotations

Branches:
Dungeon (1/15)

Altars:


Message History

Really walk into that teleport trap?
You enter a teleport trap!
The teleport trap disappears.
Your surroundings suddenly seem different.
An endoplasm, 3 rats, a giant cockroach and a dart slug come into view.
Found seven items.
Found a stone staircase leading down.
You see here a scroll labelled OXYIK IRUPIP.
You hit the dart slug.
The dart slug is moderately wounded.
You completely miss the dart slug.
The dart slug is moderately wounded.
The dart slug barely misses you.
You hit the dart slug but do no damage.
The dart slug is moderately wounded.
The dart slug barely misses you. The rat bites you but does no damage.
You hit the dart slug.
The dart slug is severely wounded.
The giant cockroach bites you but does no damage.
The rat barely misses you.
You hit the dart slug.
The dart slug is almost dead.
The dart slug bites you. The giant cockroach bites you.
The rat closely misses you. The rat bites you.
You hit the dart slug but do no damage.
The dart slug is almost dead.
The giant cockroach bites you but does no damage.
The dart slug bites you but does no damage.
The rat bites you but does no damage. The rat closely misses you.
You barely miss the dart slug.
The dart slug is almost dead.
The giant cockroach bites you but does no damage.
The rat bites you. x2
* * * LOW HITPOINT WARNING * * *
The dart slug launches a dart at you. The slug dart hits you.
* * * LOW HITPOINT WARNING * * *
The giant cockroach barely misses you.
You hit the dart slug.
You kill the dart slug!
The giant cockroach barely misses you. The rat bites you.
You die...

#. .# # #. #..
..####. #.J.
.......#######..#
.......#........##
.................r
...!..†.r.........
.......@r.??......
####.#.B...?......
#...........>
#............ ###
#.....!?..#.. #.#
#[........... #>#
#.......$.... #<#
#............ #.#


You could see a giant cockroach and 2 rats.

Vanquished Creatures
  A dart slug (D:1)
1 creature vanquished.

Notes
Turn   | Place    | Note
-------+----------+-------------------------------------------
     0 | D:1      | growler the Demonspawn Hedge Wizard began the quest for the
                  | Orb.
     0 | D:1      | Reached XP level 1. HP: 13/13 MP: 4/4
    11 | D:1      | Slain by a rat

Illustrated notes

Levels and vault maps discovered:
D:1:      dpeg_arrival_tiny_j, layout_rooms, serial_park_tiny_2

Action                   || total
-------------------------++-------
Melee: Dagger            ||     8
Armor: Robe              ||     6
Dodge: Dodged            ||     7
